 Dungeon Crawl Stone Soup version bcrawl-1.37.1 (webtiles) character file.

Game seed: 10680524296948021516

447077 Mehrunes the Tortoise (level 15, -7/211 HPs)
             Began as a Hill Orc Martial Artist on Oct 20, 2022.
             Was the Champion of Wu Jian.
             Killed from afar by a fire giant (49 damage)
             ... with a bolt of fire
             ... on level 12 of the Dungeon.
             The game lasted 01:16:35 (24493 turns).

Mehrunes the Tortoise (Hill Orc Martial Artist)    Turns: 24493, Time: 01:16:35

Health: -7/211     AC: 29    Str: 31    XL:     15   Next: 68%
Magic:  19/20      EV: 13    Int: 11    God:    Wu Jian [******]
Gold:   1883       SH:  4    Dex: 13    Spells: 10/16 levels left

rFire    x x .     GDR:     37% I - +1 great sword (elec)
rCold    + + .     SeeInvis .   (shield currently unavailable)
rNeg     + . .     Gourm    .   w - +2 plate armour {rN+}
rPois    +         Faith    .   y - +0 helmet
rElec    .         Spirit   .   v - +1 cloak {MR+}
rCorr    .         Reflect  .   m - +1 pair of gloves {Str+3}
MR       ++...                  p - +1 pair of boots
Stlth    ..........             (no amulet)
HPRegen  0.45/turn              a - ring "Dauff" {Ice Str+3}
MPRegen  0.17/turn              q - ring "Juedy" {Ice rPois}

@: berserking, exhausted, lightly drained, very quick
A: no striking features
a: Wall Jump, Serpent's Lash, Heavenly Storm, Renounce Religion


You were on level 12 of the Dungeon.
You worshipped Wu Jian.
Wu Jian was exalted by your worship.
You were not hungry.

You visited 3 branches of the dungeon, and saw 19 of its levels.
You also visited: Ice Cave.

You collected 2130 gold pieces.
You spent 247 gold pieces at shops.

Inventory:

Hand Weapons
 D - a +3 dagger of venom
 I - a +1 great sword of electrocution (weapon)
 M - a +3 trident of freezing
 R - the +8 rapier "Cusiojy" {freeze, Str+6}
   (You found it on level 8 of the Dungeon)

   It has been specially enchanted to freeze those struck by it, increasing
   damage dealt by approximately one third against foes not resistant or
   susceptible to cold, and potentially slowing cold-blooded foes.
   It affects your strength (+6).
 Z - the +6 spear of Ramm {chaos, Dex+2, unknown}
   (You found it on level 10 of the Dungeon)

   Each time it hits an enemy it has a different, random effect.
   It affects your dexterity (+2).
   Wu Jian disapproves of the use of such an item.
Armour
 c - a +2 cloak
 k - a scarf of spirit shield
 m - a +1 pair of gloves of strength (worn)
 p - a +1 pair of boots (worn)
 v - a +1 cloak of magic resistance (worn)
 w - a +2 plate armour of positive energy (worn)
 y - a +0 helmet (worn)
Jewellery
 a - the ring "Dauff" (left hand) {Ice Str+3}
   (You found it in an ice cave)

   [ring of ice]

   It enhances your ice magic.
   It affects your strength (+3).
   It makes you vulnerable to fire.
   It protects you from cold.
 q - the ring "Juedy" (right hand) {Ice rPois}
   (You found it on level 7 of the Dungeon)

   [ring of ice]

   It enhances your ice magic.
   It makes you vulnerable to fire.
   It protects you from cold.
   It protects you from poison.
 E - an uncursed ring of protection from fire
 H - an uncursed ring of insulation {unknown}
 Q - an uncursed ring of positive energy
 W - an uncursed ring of poison resistance {unknown}
Wands
 t - a wand of clouds (4)
 A - a wand of acid (9)
 C - a wand of flame (41)
 O - a wand of iceblast (33)
 Y - a wand of paralysis (30)
Scrolls
 d - 4 scrolls of enchant armour
 g - 6 scrolls of remove curse
 i - a scroll of identify
 j - 2 scrolls of torment
 l - 4 scrolls of amnesia
 o - 5 scrolls of teleportation
 r - 2 scrolls of magic mapping
 u - a scroll of noise {unknown}
 F - a scroll of enchant weapon
 G - a scroll of fog
 K - a scroll of immolation
 N - 3 scrolls of vulnerability
 P - 4 scrolls of blinking
Potions
 b - 2 potions of agility
 f - a potion of magic
 n - 3 potions of curing
 z - a potion of cancellation {unknown}
 B - a potion of might
 J - a potion of brilliance
 S - 2 potions of lignification
 T - a potion of flight
 V - a potion of resistance
 X - a potion of mutation
Miscellaneous
 s - a fan of gales (2/2)
 L - a box of beasts
 U - a sack of spiders
Comestibles
 e - 31 rations {!d}
 x - 5 chunks of flesh


   Skills:
 - Level 15.0(14.8) Fighting
   Level 15.0(14.8) Short Blades
   Level 15.0(14.8) Long Blades
   Level 15.0(14.8) Axes
   Level 15.0(14.8) Maces & Flails
   Level 15.0(14.8) Polearms
   Level 15.0(14.8) Staves
 + Level 16.1(15.9) Armour
 - Level 8.8(8.7) Dodging
 - Level 0.8(0.7) Stealth
   Level 15.0(14.8) Unarmed Combat
 - Level 1.0(0.8) Spellcasting
 - Level 6.2(6.0) Conjurations
 - Level 1.0(0.8) Hexes
 - Level 4.2(4.1) Transmutations
 + Level 6.6(6.5) Evocations


You had 10 spell levels left.
You knew the following spells:

 Your Spells              Type           Power        Failure   Level  Hunger
a - Confusing Touch       Hex            #.......     73%         1    None
b - Irradiate             Conj/Tmut      ##........   99%         5    #######

Your spell library contained the following spells:

 Spells                   Type           Power        Failure   Level  Hunger
 Magic Dart               Conj           ##..         13%         1    None
 Searing Ray              Conj           ##......     21%         2    ###....
 Throw Frost              Conj/Ice       ###...       26%         2    ###....
 Iskenderun's Mystic Bla  Conj           ##......     36%         3    #####..
 Sting                    Conj/Pois      #...         41%         1    None
 Corona                   Hex            #......      73%         1    None
 Freeze                   Ice            #.....       85%         1    None
 Shackle                  Hex            #.......     86%         2    ###....
 Ensorcelled Hibernation  Hex/Ice        #.....       90%         2    ###....
 Poisonous Vapours        Pois/Air       #.....       94%         2    ###....
 Ignite Poison            Fire/Tmut/Pois #.......     95%         3    #####..
 Fulminant Prism          Conj/Hex       #.........   98%         4    ######.
 False Image              Hex/Summ       #.......     99%         3    #####..
 Inner Flame              Hex/Fire       N/A          99%         3    #####..
 Ozocubu's Armour         Chrm/Ice       #.......     99%         3    #####..
 Yara's Violent Unravell  Hex/Tmut       #.........   99%         4    ######.
 Cause Fear               Hex            #.........   100%        4    ######.
 Olgreb's Toxic Radiance  Pois           #........    100%        4    ######.
 Summon Ice Beast         Ice/Summ       #.......     100%        4    ######.
 Summon Scorpions         Summ/Pois      #.......     100%        4    ######.
 Bolt of Draining         Conj/Necr      #.........   100%        5    #######
 Freezing Cloud           Ice/Air        #.......     100%        5    #######
 Metabolic Englaciation   Hex/Ice        #.........   100%        5    #######
 Venom Bolt               Conj/Pois      #.........   100%        5    #######
 Bolt of Cold             Conj/Ice       ###.......   100%        6    #######
 Borgnjor's Vile Clutch   Necr/Erth      #.........   100%        6    #######
 Darkness                 Hex            #.........   100%        6    #######
 Infestation              Hex/Tmut/Pois  #........    100%        6    #######
 Iron Shot                Conj/Erth      #.........   100%        6    #######
 Ozocubu's Refrigeration  Ice            #.........   100%        6    #######
 Poison Arrow             Conj/Pois      #.........   100%        6    #######
 Simulacrum               Ice/Necr       #.......     100%        6    #######
 Shadow Creatures         Summ           N/A          100%        7    #######
 Time Stop                Chrm/Tloc      N/A          100%        8    #######


Dungeon Overview and Level Annotations

Branches:
Dungeon (12/12)            Temple (0/1) D:7            Lair (6/6) D:7
  Swamp (0/3) Lair:4        Snake (0/3) Lair:3        Slime (0/5) Lair:5
    Orc (1/1) D:9             Elf (0/3) Orc          Vaults (0/3) D:12
 Depths (0/5) D:12

Altars:
Ashenzari
Cheibriados
Elyvilon
Fedhas
Makhleb
Ru
Sif Muna
Trog
Wu Jian
Xom
Yredelemnul
Zin
The Shining One
Jiyva

Shops:
D:4 ?}[   D:8 [   Orc **=[

Portals:
Trove: D:8 (give +4 acid dragon scales)

Annotations:
D:8 1 runed translucent door, yrara's ghost, novice DsFi


Message History

You hit the wolf spider zombie.
Lightning courses through the wolf spider zombie!!
You destroy the wolf spider zombie!
The Council accepts your kill.
You feel drained.
Your supernatural speed expires.
The fire giant gestures at you while chanting.
The fire burns you terribly! The bolt of fire hits you!!
You spin and attack the fire giant.
You slice the fire giant!!
The fire giant is heavily wounded.
The fire giant gestures at you while chanting.
The fireball explodes!
The fire burns you terribly! The fireball engulfs you!!!
* * * LOW HITPOINT WARNING * * *
The fireball engulfs the fire giant.
The fire giant resists.
You hear a shout! x2; You hear a screech!
You hear a bellow! x2
You hear two shouts!
A red film seems to cover your vision as you go berserk!
You feel yourself moving faster!
You feel mighty!
The fire giant points at you and mumbles some strange words.
The fire burns you terribly! The bolt of fire hits you!!!
You die...

.##..##≈....≈'#......#).....#..##
...).##≈.P..≈#..#.#.#'#.#÷#.#..#.
.....##≈....≈'#...#..#...#..#...#
.#...##≈..⌠.≈#..##..#+#.#.#.#....
.....##≈PPPP≈##......#......##...
.#...##≈≈≈≈≈≈##.#.#.########+####
.....###########†#+## #...)
.....# ##.#.#.# #.... .##..#
#..@C.○# #.#.# #.#..# #'#.#.#○#
#.... ##...# ..#...#..# #....
.....# #.#'#.#.#.# #+#.#.# .....#
....#......# +.##+#D .#.#.#
.#.##### ##+ #..#.# ..#..# #'#
#..... .#.#.# .# +#.⌠P. .∩...#
#..P8P


You could see a fire giant.

Vanquished Creatures
  Kirke (D:12)
  2 stone giants (D:12)
  An ettin (D:12)
  2 yaktaur captains (D:12)
  A rakshasa (D:12)
  8 hydras
  Psyche (D:12)
  A catoblepas (Lair:2)
  An alligator (Lair:6)
  2 two-headed ogres
  A deep elf knight (D:12)
  Nergalle (D:9)
  A fire crab (D:12)
  A skeletal warrior (D:12)
  An unseen horror (D:12)
  A flayed ghost (D:12)
  6 wolf spider zombies
  4 swamp dragons (Lair:1)
  3 orc knights
  4 cyclopes
  A necromancer (IceCv)
  A deep elf mage (D:12)
  2 ugly things
  A manticore (D:10)
  5 black mambas
  Joseph (D:9)
  4 elephants
  A gargoyle (D:12)
  An ice statue (IceCv)
  13 cane toads
  2 ice devils (Lair:4)
  A rime drake (Lair:4)
  4 komodo dragons
  A yaktaur (D:12)
  A guardian mummy (D:8)
  10 freezing wraiths (IceCv)
  A troll (D:12)
  2 harpy zombies
  3 hornets (Lair:6)
  3 polar bears (Lair:6)
  8 blink frogs
  3 harpy skeletons (D:11)
  7 slime creatures
  15 dream sheep
  10 hippogriffs
  4 meliai zombies
  2 shadows (D:12)
  A wraith (D:12)
  2 vampires
  13 spriggans
  A wyvern (Lair:3)
  28 yaks
  A basilisk (Lair:6)
  A hungry ghost (D:7)
  2 hogs (D:12)
  6 vampire mosquitoes
  A death yak simulacrum (IceCv)
  11 crocodiles
  5 nagas (Lair:3)
  An acid dragon (Lair:5)
  An acid dragon (shapeshifter) (D:12)
  Duvessa (D:4)
  9 water moccasins
  12 porcupines
  27 orc warriors
  A hornet zombie (D:10)
  3 sky beasts
  7 black bears
  5 phantoms
  A necrophage (D:9)
  6 ogres
  9 ice beasts
  51 wolves
  5 boggarts (Lair:6)
  3 kobold brigands
  12 bullfrogs
  14 centaurs
  Dowan (D:4)
  A water moccasin zombie (D:10)
  A water moccasin skeleton (D:9)
  6 scorpions
  5 killer bees
  An elephant simulacrum (IceCv)
  9 wights
  7 howler monkeys
  11 orc priests
  A bullfrog zombie (D:4)
  5 electric eels
  6 crimson imps
  5 draconian simulacra (IceCv)
  A quasit (D:8)
  6 hounds
  A bullfrog skeleton (D:10)
  A gnoll shaman (D:7)
  Crazy Yiuf (D:7)
  8 orc wizards
  3 iron imps (D:6)
  4 iguanas
  7 hell rats (Lair:5)
  10 worker ants
  2 wolf simulacra (IceCv)
  6 troll simulacra (IceCv)
  A hound zombie (D:9)
  4 hound skeletons
  3 worker ant zombies
  Robin (D:3)
  14 adders
  9 gnolls
  2 howler monkey skeletons
  2 naga simulacra (IceCv)
  3 ogre simulacra (IceCv)
  11 white imps (IceCv)
  4 centaur simulacra (IceCv)
  2 oozes (D:2)
  2 adder skeletons
  3 worms
  A dart slug (D:3)
  4 leopard geckos
  67 orcs
  3 bats
  3 giant cockroaches
  3 goblins (D:1)
  11 hobgoblins
  6 jackals
  29 kobolds
  3 quokkas
  A ball python (D:3)
  4 frilled lizards
  A quokka skeleton (D:4)
  3 rats
  2 butterflies
  A fungus (D:7)
702 creatures vanquished.

Vanquished Creatures (collateral kills)
  Snorg (D:10)
1 creature vanquished.

Vanquished Creatures (others)
  A cane toad (Lair:3)
  A human (D:12)
  A white imp (IceCv)
  A kobold (D:9)
  5 fungi
  3 plants (Lair:5)
12 creatures vanquished.

Grand Total: 715 creatures vanquished

Notes
Turn   | Place    | Note
-------+----------+-------------------------------------------
     0 | D:1      | Mehrunes the Hill Orc Martial Artist began the quest for
                  | the Orb.
     0 | D:1      | Reached XP level 1. HP: 20/20 MP: 2/2
   263 | D:1      | Reached XP level 2. HP: 27/28 MP: 3/3
   770 | D:2      | Reached XP level 3. HP: 35/35 MP: 4/4
   807 | D:2      | Noticed an ogre
   895 | D:2      | Reached skill level 5 in Fighting
  1172 | D:2      | Reached ** piety under Wu Jian
  1177 | D:2      | Found an ornate altar of the Wu Jian Council.
  1209 | D:2      | Reached XP level 4. HP: 41/42 MP: 5/5
  1301 | D:2      | Found a glowing golden altar of the Shining One.
  1801 | D:3      | Noticed Robin
  1809 | D:3      | Killed Robin
  2079 | D:3      | Reached XP level 5. HP: 50/50 MP: 6/6
  2259 | D:3      | Noticed a bullfrog
  2283 | D:3      | Killed a bullfrog
  2296 | D:3      | Reached XP level 6. HP: 44/58 MP: 7/7
  2628 | D:4      | Found Kousiaf's Gadget Boutique.
  2756 | D:4      | Found Entyskun's Antique Armour Shoppe.
  2821 | D:3      | Reached XP level 7. HP: 56/66 MP: 8/8
  3399 | D:4      | Found Zyhodep's Magic Scroll Emporium.
  3442 | D:4      | Reached *** piety under Wu Jian
  3737 | D:4      | Reached skill level 1 in Armour
  3737 | D:4      | Reached XP level 8. HP: 60/75 MP: 9/9
  3836 | D:4      | Reached skill level 2 in Armour
  4164 | D:4      | Noticed Dowan
  4166 | D:4      | Noticed Duvessa
  4171 | D:4      | Killed Duvessa
  4177 | D:4      | Killed Dowan
  4178 | D:4      | Reached skill level 3 in Armour
  4493 | D:5      | Entered Level 5 of the Dungeon
  4545 | D:5      | Reached skill level 4 in Armour
  4906 | D:5      | Reached skill level 5 in Armour
  4906 | D:5      | Reached XP level 9. HP: 67/84 MP: 10/10
  4952 | D:5      | Got a slimy leather armour
  5323 | D:6      | Reached skill level 6 in Armour
  5474 | D:6      | Found a basalt altar of Yredelemnul.
  5619 | D:6      | Found a shimmering blue altar of Sif Muna.
  5717 | D:6      | Reached **** piety under Wu Jian
  5936 | D:6      | Found a burning altar of Makhleb.
  6068 | D:7      | Reached skill level 10 in Fighting
  6077 | D:7      | Reached skill level 7 in Armour
  6106 | D:7      | Found a staircase to the Lair.
  6319 | D:7      | Reached skill level 8 in Armour
  6319 | D:7      | Reached XP level 10. HP: 50/94 MP: 11/11
  6664 | D:7      | Found a staircase to the Ecumenical Temple.
  6943 | D:7      | Reached skill level 9 in Armour
  7169 | D:7      | Found a sacrificial altar of Ru.
  7282 | D:7      | Found a hazy altar of Hepliaklqana.
  7284 | D:7      | Found a shimmering altar of Xom.
  7284 | D:7      | Found a shimmering blue altar of Sif Muna.
  7289 | D:7      | Found a snail-covered altar of Cheibriados.
  7289 | D:7      | Found a bloodstained altar of Trog.
  7289 | D:7      | Found a bloodstained altar of Trog.
  7301 | D:7      | Got a coiled bone ring
  7456 | D:7      | Found a runed door.
  7460 | D:7      | Noticed Crazy Yiuf
  7462 | D:7      | Killed Crazy Yiuf
  7557 | D:8      | Found a runed translucent door.
  7557 | D:8      | Noticed yrara's ghost (novice DsFi)
  7582 | D:8      | Reached skill level 5 in Dodging
  7628 | D:8      | Found a white marble altar of Elyvilon.
  7631 | D:8      | Found a shattered altar of Ashenzari.
  7633 | D:8      | Found a blossoming altar of Fedhas.
  7680 | D:8      | Got an encrusted rapier
  7827 | D:8      | Noticed a five-headed hydra
  7828 | D:8      | Identified the +8 rapier "Cusiojy" {freeze, Str+6} (You
                  | found it on level 8 of the Dungeon)
  7835 | D:8      | Killed a five-headed hydra
  7835 | D:8      | Reached ***** piety under Wu Jian
  7836 | D:8      | Reached XP level 11. HP: 75/102 MP: 12/12
  7919 | D:8      | Found Marhufosk's Armour Emporium.
  8078 | D:8      | Reached skill level 10 in Armour
  8155 | D:8      | Found a portal to a secret trove of treasure.
  8681 | D:9      | Noticed Joseph
  9100 | D:9      | Killed Joseph
  9220 | D:9      | Found a staircase to the Orcish Mines.
  9930 | D:9      | Noticed Nergalle
  9935 | D:9      | Killed Nergalle
 10493 | D:10     | Entered Level 10 of the Dungeon
 10589 | D:10     | Reached skill level 11 in Armour
 10635 | D:10     | Noticed a cyclops
 10650 | D:10     | Killed a cyclops
 10716 | D:10     | Noticed a two-headed ogre
 10727 | D:10     | Killed a two-headed ogre
 10797 | D:10     | Noticed a white ugly thing
 10815 | D:10     | Killed a white ugly thing
 10816 | D:10     | Reached XP level 12. HP: 79/112 MP: 13/13
 11160 | D:10     | Got a jewelled spear
 11210 | D:10     | Reached ****** piety under Wu Jian
 11604 | D:11     | Learned a level 5 spell: Irradiate
 11612 | D:11     | Noticed a four-headed hydra
 11628 | D:10     | Killed a four-headed hydra
 11943 | D:11     | Noticed a five-headed hydra
 11952 | D:11     | Killed a five-headed hydra
 11971 | D:11     | Reached skill level 12 in Armour
 12597 | D:11     | Noticed Snorg
 12840 | D:11     | Noticed a two-headed ogre
 12859 | D:10     | Killed Snorg
 12954 | D:11     | Killed a two-headed ogre
 13102 | Lair:1   | Entered Level 1 of the Lair of Beasts
 13104 | Lair:1   | Found a transporter.
 13118 | Lair:1   | Noticed a four-headed hydra
 13132 | Lair:1   | Killed a four-headed hydra
 13247 | Lair:1   | Found a transporter.
 14048 | Lair:1   | Reached XP level 13. HP: 115/119 MP: 14/14
 15887 | Lair:3   | Found a staircase to the Snake Pit.
 17170 | Lair:4   | Found a staircase to the Swamp.
 17406 | Lair:4   | Found a frozen archway.
 17473 | IceCv    | Entered an ice cave
 17548 | IceCv    | Identified the ring "Juedy" {Ice rPois} (You found it on
                  | level 7 of the Dungeon)
 17563 | IceCv    | Reached skill level 15 in Fighting
 17621 | IceCv    | Reached skill level 13 in Armour
 17755 | IceCv    | Reached XP level 14. HP: 90/135 MP: 15/15
 17926 | IceCv    | Found an ancient bone altar of Kikubaaqudgha.
 18279 | IceCv    | Identified the Reference Book on Cold
 18300 | IceCv    | Got a fine amber ring
 18302 | IceCv    | Identified the ring "Dauff" {Ice Str+3} (You found it in an
                  | ice cave)
 19027 | Lair:5   | Found a staircase to the Slime Pits.
 19027 | Lair:5   | Found a viscous altar of Jiyva.
 19049 | Lair:5   | Found a gate leading to a gauntlet.
 19172 | Lair:5   | Reached skill level 1 in Conjurations
 19206 | Lair:5   | Reached skill level 1 in Transmutations
 19256 | Lair:5   | Reached skill level 14 in Armour
 20165 | Lair:6   | Entered Level 6 of the Lair of Beasts
 20613 | Lair:6   | Reached skill level 5 in Conjurations
 22015 | Orc      | Entered the Orcish Mines
 22186 | Orc      | Found a staircase to the Elven Halls.
 22225 | Orc      | Reached skill level 1 in Evocations
 22225 | Orc      | Reached XP level 15. HP: 121/141 MP: 16/16
 22236 | Orc      | Reached skill level 15 in Armour
 22244 | Orc      | Found Gessesak's Assorted Antiques.
 22244 | Orc      | Found Marrouk's Jewellery Shoppe.
 22246 | Orc      | Found Sasayff's Assorted Antiques.
 22247 | Orc      | Found Nyptosel's Armour Emporium.
 22422 | Orc      | Bought a +1 cloak of magic resistance for 247 gold pieces
 23062 | D:12     | Entered Level 12 of the Dungeon
 23130 | D:12     | Found a gate to the Vaults.
 23252 | D:12     | Found a burning altar of Makhleb.
 23252 | D:12     | Found a glowing golden altar of the Shining One.
 23253 | D:12     | Found a glowing silver altar of Zin.
 23270 | D:12     | Noticed Kirke
 23275 | D:12     | Killed Kirke
 23623 | D:12     | Reached skill level 5 in Evocations
 24289 | D:12     | Reached skill level 16 in Armour
 24297 | D:12     | Noticed Psyche
 24302 | D:12     | Killed Psyche
 24304 | D:12     | Found a staircase to the Depths.
 24481 | D:12     | Noticed a fire giant
 24493 | D:12     | Killed from afar by a fire giant

Skill      XL: |  1  2  3  4  5  6  7  8  9 10 11 12 13 14 15 |
---------------+----------------------------------------------+-----
Fighting       | 5 6 7 8 9 10 11 12 15 | 15.0
Armour         | 1 5 8 9 11 12 13 14 16 | 16.1
Dodging        | 3 5 7 8 |  8.8
Conjurations   | 6 |  6.2
Transmutations | 4 |  4.2
Evocations     | 1 6 |  6.6
Short Blades   | | 15.0
Long Blades    | | 15.0
Axes           | | 15.0
Maces & Flails | | 15.0
Polearms       | | 15.0
Staves         | | 15.0
Stealth        | |  0.8
Unarmed Combat | | 15.0
Spellcasting   | |  1.0
Hexes          | |  1.0

Action                   |  1- 3 |  4- 6 |  7- 9 | 10-12 | 13-15 || total
-------------------------+-------+-------+-------+-------+-------++-------
Melee: Dagger            |    49 |     7 |    25 |       |       ||    81
       Whip              |    41 |       |       |       |       ||    41
       Punch             |     3 |     3 |     9 |     1 |     4 ||    20
       Spear             |    20 |       |       |       |       ||    20
       Rapier            |     4 |   172 |   213 |    38 |    47 ||   474
       Blowgun           |       |     2 |     7 |       |       ||     9
       Flail             |       |       |     9 |       |       ||     9
       Great sword       |       |       |    57 |   615 |   998 ||  1670
       Great mace        |       |       |    15 |       |       ||    15
       Halberd           |       |       |     4 |       |       ||     4
       Shortbow          |       |       |       |     2 |       ||     2
 Fire: Blowgun           |       |    15 |    10 |     6 |       ||    31
       Shortbow          |       |       |     3 |    51 |       ||    54
Invok: Whirlwind         |    49 |    46 |    98 |   187 |   430 ||   810
       Lunge             |     8 |     9 |    13 |    43 |    59 ||   132
       Heavenly Storm    |       |       |       |     1 |     3 ||     4
 Abil: Serpent's Lash    |       |     1 |     6 |    12 |    19 ||    38
       Wall Jump         |       |       |     5 |     4 |    27 ||    36
Evoke: Phantom mirror    |       |       |       |     1 |       ||     1
  Use: Potion            |     1 |     1 |       |     8 |     2 ||    12
       Scroll            |       |       |     4 |     4 |    16 ||    24
 Stab: Sleeping          |       |     1 |       |       |       ||     1
       Paralysed         |       |       |       |     1 |       ||     1
       Distracted        |       |       |       |     1 |       ||     1
  Eat: Chunk             |     3 |    10 |    19 |    27 |    39 ||    98
       Ration            |       |       |       |     5 |     6 ||    11
Armor: Robe              |    16 |     3 |       |       |       ||    19
       Ring mail         |       |    53 |    38 |       |       ||    91
       Chain mail        |       |       |    96 |   118 |       ||   214
       Plate armour      |       |       |       |   331 |   608 ||   939
Dodge: Dodged            |    46 |    86 |   112 |   358 |   481 ||  1083
Block: Other             |       |       |     5 |    95 |   146 ||   246
